 Dungeon Crawl Stone Soup version 0.25.0-37-gb73750e0fb (webtiles) character file.

Game seed: 18130639065471158925

1612 wojtek the Chopper (level 8, -4/70 HPs)
             Began as a Minotaur Fighter on July 9, 2020.
             Was a Follower of Makhleb.
             Slain by a white ugly thing (34 damage)
             ... on level 5 of the Dungeon.
             The game lasted 00:06:12 (6745 turns).

wojtek the Chopper (Minotaur Fighter)               Turns: 6745, Time: 00:06:13

Health: -4/70      AC:  7    Str: 23    XL:     8   Next: 63%
Magic:  10/10      EV:  8    Int:  5    God:    Makhleb [*.....]
Gold:   435        SH: 15    Dex: 10    Spells: 7/7 levels left

rFire    . . .     SeeInvis .   a - +0 war axe
rCold    . . .     Gourm    .   c - +0 kite shield
rNeg     . . .     Faith    .   b - +0 scale mail
rPois    .         Spirit   .   (helmet restricted)
rElec    .         Reflect  +   (no cloak)
rCorr    .         Harm     .   (no gloves)
MR       .....                  (no boots)
Stlth    ..........             q - amulet of reflection
HPRegen  0.21/turn              (no ring)
MPRegen  0.12/turn              (no ring)

@: no status effects
A: retaliatory headbutt, horns 2
a: Renounce Religion


You were on level 5 of the Dungeon.
You worshipped Makhleb.
Makhleb was aware of your devotion.
You were not hungry.

You visited 2 branches of the dungeon, and saw 7 of its levels.

You collected 435 gold pieces.

Inventory:

Hand Weapons
 a - a +0 war axe (weapon)
Missiles
 g - 25 poisoned darts (quivered)
 n - 7 datura-tipped darts
Armour
 b - a +0 scale mail (worn)
 c - a +0 kite shield (worn)
Jewellery
 q - an amulet of reflection (around neck)
Wands
 o - a wand of flame (24)
 v - a wand of iceblast (7)
Scrolls
 e - a scroll of fear
 h - 2 scrolls of immolation
 i - 3 scrolls of identify
 l - 2 scrolls of remove curse
 r - a scroll of random uselessness {unknown}
 s - 4 scrolls of teleportation {unknown}
 t - a scroll of enchant weapon {unknown}
 w - 2 scrolls of magic mapping {unknown}
 y - a scroll of fog {unknown}
Potions
 d - a potion of might
 j - 2 potions of degeneration {unknown}
 k - a potion of berserk rage {unknown}
 m - a potion of haste
 p - 5 potions of heal wounds {unknown}
 u - 2 potions of cancellation {unknown}
 x - a potion of flight {unknown}
Comestibles
 f - 8 rations
 z - 2 chunks of flesh


   Skills:
 + Level 6.1 Fighting
 - Level 7.0 Axes
 + Level 6.0 Armour
 + Level 6.0 Shields
 * Level 4.9 Invocations
 + Level 3.0 Evocations


You had 7 spell levels left.
You didn't know any spells.
Your spell library contained the following spells:

 Spells                   Type           Power        Failure   Level  Hunger
 Magic Dart               Conj           #...         99%         1    ##.....
 Sandblast                Erth           #.....       99%         1    ##.....
 Passwall                 Tmut/Erth      #.......     99%         2    ###....
 Searing Ray              Conj           #.....       99%         2    ###....
 Dazzling Flash           Conj/Hex       #.....       100%        3    ####...
 Stone Arrow              Conj/Erth      #.....       100%        3    ####...
 Fulminant Prism          Conj/Hex       #.........   100%        4    #####..
 Iskenderun's Mystic Bla  Conj/Tloc      #.......     100%        4    #####..
 Petrify                  Tmut/Erth      #.......     100%        4    #####..
 Lee's Rapid Deconstruct  Erth           #.........   100%        5    ######.


Dungeon Overview and Level Annotations

Branches:
Dungeon (6/15)             Temple (1/1) D:4

Altars:
Ashenzari
Cheibriados
Dithmenos
Elyvilon
Fedhas
Gozag
Hepliaklqana
Kikubaaqudgha
Makhleb
Nemelex Xobeh
Okawaru
Qazlal
Ru
Sif Muna
Trog
Uskayaw
Wu Jian
Xom
Zin
The Shining One

Annotations:
D:3 1 runed translucent door, Crazy Yiuf


Innate Abilities, Weirdness & Mutations

You reflexively headbutt those who attack you in melee.
You have a pair of horns on your head.


Message History

The white ugly thing is heavily wounded.
You block the white ugly thing's attack.
You closely miss the white ugly thing.
The white ugly thing is heavily wounded.
The white ugly thing engulfs you. The white ugly thing freezes you!!
You block the white ugly thing's attack.
You are too injured to fight recklessly!
You are too injured to fight recklessly!
Your shield prevents you from hitting the white ugly thing.
Your headbutt misses the white ugly thing.
The white ugly thing is heavily wounded.
The white ugly thing looks more healthy.
You block the white ugly thing's attack.
You slash the white ugly thing!
The white ugly thing is severely wounded.
You block the white ugly thing's attack.
You hit the white ugly thing. You headbutt the white ugly thing.
The white ugly thing is severely wounded.
The white ugly thing engulfs you. The white ugly thing freezes you!!
You die...

#..#.....#..#..#...##.....##))...
#.##....##.##.##...##8...8 #.....
...###..#..#..##.#.# ##>## #.[...
##...####.##.....#.#########.....
.###...#..#......+........#......
...###...##......##.###....[.....
##...###.#.............#.........
####...#.#.#.....u.....#.........
...........#....@)....<#..#......
........#############.##..#######
..............##..........#######
...####.......##.....#.##........
...# #.......##.....#..#.#......
...# #.......##.....+..#.#......
...# #.......##.....##...#......
...# #.......##.....#....#......
...# #.......######.#.#..#......


You could see a white ugly thing.

Vanquished Creatures
  Eustachio (D:4)
  Menkaure (D:4)
  An orc warrior (D:6)
  A sky beast (D:5)
  A necrophage (D:5)
  4 ogres
  Blork the orc (D:6)
  3 howler monkeys
  A crimson imp (D:6)
  2 hounds
  3 orc priests
  3 orc wizards
  Jessica (D:3)
  Natasha (thrice) (D:3)
  A gnoll (D:1)
  6 adders
  An ooze (D:2)
  An adder skeleton (D:5)
  A dart slug (D:1)
  6 leopard geckos
  21 orcs
  8 bats
  5 giant cockroaches
  8 goblins
  8 hobgoblins
  12 jackals
  4 quokkas
  2 ball pythons
  9 frilled lizards
  A jackal skeleton (D:5)
  12 kobolds
  A leopard gecko skeleton (D:4)
  A quokka skeleton (D:4)
  7 rats
141 creatures vanquished.

Notes
Turn   | Place    | Note
-------+----------+-------------------------------------------
     0 | D:1      | wojtek the Minotaur Fighter began the quest for the Orb.
     0 | D:1      | Reached XP level 1. HP: 19/19 MP: 0/0
   121 | D:1      | Reached skill level 3 in Axes
   187 | D:1      | Reached XP level 2. HP: 26/26 MP: 1/1
   207 | D:1      | Reached skill level 4 in Axes
   334 | D:1      | Reached XP level 3. HP: 30/31 MP: 2/2
   974 | D:2      | Reached skill level 5 in Axes
   977 | D:2      | Reached XP level 4. HP: 34/39 MP: 3/3
   981 | D:2      | Reached skill level 6 in Axes
  1341 | D:2      | Found a faded altar of an unknown god.
  1404 | D:2      | Found a bloodstained altar of Trog.
  1407 | D:2      | Reached XP level 5. HP: 44/45 MP: 4/4
  1419 | D:2      | Found an ornate altar of the Wu Jian Council.
  1559 | D:3      | Noticed Jessica
  1565 | D:3      | Killed Jessica
  1682 | D:3      | Found a runed translucent door.
  1683 | D:3      | Noticed Crazy Yiuf
  1823 | D:3      | Reached skill level 7 in Axes
  2006 | D:3      | Noticed Natasha
  2014 | D:3      | Killed Natasha
  2310 | D:3      | Found a shimmering altar of Xom.
  2723 | D:3      | Noticed Natasha
  2753 | D:3      | Killed Natasha
  2933 | D:3      | Noticed Natasha
  2939 | D:3      | Killed Natasha
  2939 | D:3      | Reached XP level 6. HP: 47/52 MP: 5/5
  2991 | D:4      | Found a staircase to the Ecumenical Temple.
  3011 | Temple   | Entered the Ecumenical Temple
  3127 | Temple   | Became a worshipper of Makhleb the Destroyer
  3312 | D:4      | Reached skill level 1 in Invocations
  3339 | D:4      | Noticed Menkaure
  3349 | D:4      | Killed Menkaure
  3349 | D:4      | Reached skill level 1 in Evocations
  3349 | D:4      | Reached XP level 7. HP: 37/60 MP: 5/7
  3661 | D:4      | Noticed Eustachio
  3685 | D:4      | Killed Eustachio
  3719 | D:4      | Reached skill level 5 in Fighting
  3719 | D:4      | Reached skill level 5 in Shields
  3761 | D:4      | Reached skill level 5 in Armour
  3840 | D:4      | Found a stormy altar of Qazlal.
  4227 | D:4      | Found a shimmering blue altar of Sif Muna.
  4387 | D:5      | Entered Level 5 of the Dungeon
  4447 | D:5      | Found a sacrificial altar of Ru.
  4483 | D:5      | Found an iron altar of Okawaru.
  4626 | D:5      | Reached XP level 8. HP: 53/69 MP: 9/9
  4944 | D:5      | Found a stormy altar of Qazlal.
  4946 | D:5      | Reached * piety under Makhleb
  5134 | D:5      | Found an ancient bone altar of Kikubaaqudgha.
  6141 | D:6      | Noticed Blork the orc
  6146 | D:6      | Killed Blork the orc
  6333 | D:6      | Noticed a white ugly thing
  6745 | D:5      | Slain by a white ugly thing

Illustrated notes

Levels and vault maps discovered:
D:1:      dpeg_arrival_refuge, layout_basic
D:2:      layout_rooms, amethyst_overflow_temple_binary,
          chequers_ecumenical_altar_lobes, minmay_cupped
D:3:      layout_basic, lemuel_coloured_pillars_altar, uniq_natasha,
          uniq_jessica, uniq_crazy_yiuf_cottage
D:4:      layout_layer_cave, lemuel_doored_altar, kennysheep_mini,
          minmay_temple_entry_proselytizer, first_ration, uniq_menkaure,
          uniq_eustachio
D:5:      minmay_skewed_foursquare, layout_basic, kiku_gazebo_pond_becter,
          nicolae_ru_great_annihilating_truth, nicolae_overflow_hidden_temple,
          hex_large, nicolae_qazlal_eye_of_the_storm
D:6:      kennysheep_windowed_halls, layout_rooms, uniq_blork_the_orc
Temple:   nicolae_temple_x_marks_the_god

Skill      XL: |  1  2  3  4  5  6  7  8 |
---------------+-------------------------+-----
Axes           | 3 4 5 6 7 |  7.0
Fighting       | 4 5 6 |  6.1
Armour         | 4 5 6 |  6.0
Shields        | 4 5 6 |  6.0
Invocations    | 2 3 4 |  4.9
Evocations     | 1 2 3 |  3.0

Action                   |  1- 3 |  4- 6 |  7- 9 || total
-------------------------+-------+-------+-------++-------
Melee: War axe           |    71 |    94 |   170 ||   335
       Headbutt          |     9 |    24 |    27 ||    60
       Unarmed           |       |     2 |       ||     2
Throw: Dart              |       |     1 |    26 ||    27
  Use: Scroll            |       |     4 |       ||     4
  Eat: Chunk             |       |     8 |    11 ||    19
Armor: Scale mail        |    37 |    35 |    39 ||   111
       Skin              |       |     1 |       ||     1
Dodge: Dodged            |    32 |    34 |    33 ||    99
Block: Kite shield       |    40 |    45 |   141 ||   226
       Reflection        |       |       |     5 ||     5
